 Dungeon Crawl Stone Soup version 0.24.0-123-gd5b16e6ec5 (webtiles) character file.

Game seed: 7992837156352744541, levelgen mode: deterministic

1224 Spriggy the Grappler (level 8, 0/75 HPs)
             Began as a Troll Monk on Dec 23, 2019.
             Was a Priest of Ru.
             Slain by a killer bee (1 damage)
             ... on level 7 of the Dungeon on Dec 24, 2019.
             The game lasted 00:10:02 (3983 turns).

Spriggy the Grappler (Troll Monk)                   Turns: 3983, Time: 00:10:02

Health: 0/75       AC:  6    Str: 21 (24) XL:     8   Next: 23%
Magic:  7/7        EV: 12    Int:  3 (6)  God:    Ru [***...]
Gold:   339        SH:  0    Dex: 15 (17) Spells: 4/7 levels left

rFire    . . .     SeeInvis .     - Unarmed
rCold    . . .     Gourm    +   (no shield)
rNeg     . . .     Faith    .   a - +0 robe
rPois    .         Spirit   .   s - +0 hat
rElec    .         Reflect  .   (no cloak)
rCorr    .         Harm     .   (gloves unavailable)
MR       .....                  (boots unavailable)
Stlth    ++........             A - amulet of magic regeneration
HPRegen  0.62/turn              B - +4 ring of dexterity
MPRegen  0.35/turn              y - +3 ring of strength

@: lethally poisoned (0 -> -42), exhausted, about to teleport, hasted, lightly
drained, very quick
A: large, unfitting armour, claws 3, fast metabolism 3, gourmand, regeneration
1, shaggy fur 1, tough skin 3, inability to use devices, hated by all
a: Draw Out Power, Renounce Religion


You were on level 7 of the Dungeon.
You worshipped Ru.
Ru was most pleased with you.
You were full.

You visited 1 branch of the dungeon, and saw 7 of its levels.

You collected 339 gold pieces.

Inventory:

Hand Weapons
 l - a +0 hand axe of chopping
 C - the +7 falchion "Lifebane" {slice, rPois, unknown}
   (You found it on level 7 of the Dungeon)

   It inflicts extra damage upon your enemies.
   It protects you from poison.
Missiles
 d - 34 poisoned darts (quivered)
Armour
 a - a +0 robe (worn)
 s - a +0 hat (worn)
Jewellery
 g - an uncursed ring of protection from magic
 y - a +3 ring of strength (right claw)
 A - an amulet of magic regeneration (around neck)
 B - a +4 ring of dexterity (left claw)
Scrolls
 i - a scroll of fear
 j - 2 scrolls of teleportation
 k - a scroll of magic mapping
 m - 2 scrolls of identify
 o - a scroll of enchant weapon
 q - a scroll of remove curse {unknown}
 r - a scroll of amnesia
 t - a scroll of noise
 v - a scroll of fog {unknown}
 x - a scroll of random uselessness {unknown}
 z - 2 scrolls of enchant armour {unknown}
Potions
 c - a potion of agility
 e - a potion of ambrosia
 h - 2 potions of cancellation
 w - a potion of degeneration
Comestibles
 b - 13 rations


   Skills:
 + Level 3.4(3.2) Fighting
 + Level 4.2(4.0) Dodging
 - Level 2.0(1.8) Stealth
 * Level 8.2(8.0) Unarmed Combat
 + Level 0.5(0.3) Charms
 + Level 0.8(0.6) Necromancy


You had 4 spell levels left.
You knew the following spells:

 Your Spells              Type           Power        Failure   Level  Hunger
a - Regeneration          Chrm/Necr      #.........   83%         3    ####...

Your spell library contained the following spells:

 Spells                   Type           Power        Failure   Level  Hunger
 Pain                     Necr           #...         43%         1    ##.....
 Vampiric Draining        Necr           #.........   82%         3    ####...
 Animate Skeleton         Necr           Unusable     N/A         1    N/A
 Animate Dead             Necr           Unusable     N/A         4    N/A

Dungeon Overview and Level Annotations

Branches:
Dungeon (7/15)             Temple (0/1) D:6

Altars:
Ashenzari
Makhleb
Nemelex Xobeh
Ru
Xom


Innate Abilities, Weirdness & Mutations

You are too large for most types of armour.
You have claws for hands.
Your metabolism is lightning-fast.
You like to eat raw meat.
Your natural rate of healing is unusually fast.
You are covered in fur. (AC +1)
You have extremely tough skin. (AC +3)
You cannot study or use magical devices.
You are hated by all.


Message History

The killer bee stings you.
* * * LOW HITPOINT WARNING * * *
You are more poisoned.
The killer bee poisons you!
The killer bee stings you but does no damage.
The killer bee stings you!
* * * LOW HITPOINT WARNING * * *
You focus your will and slow the killer bee in retribution!
The killer bee stings you but does no damage.
The killer bee barely misses you. The killer bee stings you.
* * * LOW HITPOINT WARNING * * *
The killer bee barely misses you.
Okay, then.
You're too exhausted to draw out your power.
You miss the killer bee.
The killer bee is heavily wounded.
* * * LOW HITPOINT WARNING * * *
You feel very sick. The killer bee barely misses you.
The killer bee stings you.
You die...

....#........###
.......#................
.......................#
..................y.y..#
.......#......####.##..#
.#.....#...h#.....###...
.......##..##.##.##.....
.......yy...#...)y>.###.
#@y...........# #.
#yy......?....##..
#.................
....................
..................##.
...##......?.#......#
.##?....#..###.......
#...##..# .....


You could see a howler monkey and 5 killer bees.

Vanquished Creatures
  An orc warrior (D:4)
  A necrophage (D:6)
  An ogre (D:5)
  A phantom (D:4)
  A bullfrog (D:6)
  A water moccasin skeleton (D:4)
  A killer bee (D:7)
  A howler monkey (D:5)
  A jelly (D:6)
  2 orc priests
  2 hounds (D:6)
  2 iguanas
  Terence (D:3)
  7 orc wizards
  A worker ant (D:7)
  5 adders
  3 gnolls (D:6)
  2 oozes (D:3)
  7 worms
  2 dart slugs
  4 leopard geckos
  15 orcs
  2 ball pythons
  4 giant cockroaches
  4 hobgoblins
  6 jackals (D:2)
  4 quokkas
  2 bats (D:3)
  6 frilled lizards
  A giant cockroach zombie (D:5)
  6 goblins
  5 kobolds
  2 leopard gecko skeletons (D:4)
  8 rats
112 creatures vanquished.

Vanquished Creatures (others)
  An orc warrior (D:7)
1 creature vanquished.

Grand Total: 113 creatures vanquished

Notes
Turn   | Place    | Note
-------+----------+-------------------------------------------
     0 | D:1      | Spriggy the Troll Monk began the quest for the Orb.
     0 | D:1      | Reached XP level 1. HP: 22/22 MP: 0/0
   155 | D:1      | Reached XP level 2. HP: 29/29 MP: 1/1
   739 | D:2      | Reached XP level 3. HP: 35/36 MP: 2/2
  1054 | D:2      | Reached XP level 4. HP: 44/44 MP: 3/3
  1061 | D:2      | Reached skill level 4 in Unarmed Combat
  1279 | D:3      | Found a burning altar of Makhleb.
  1279 | D:3      | Found a sacrificial altar of Ru.
  1279 | D:3      | Found a sparkling altar of Nemelex Xobeh.
  1291 | D:3      | Became a worshipper of Ru the Awakened
  1300 | D:3      | Gained mutation: You are hated by all. [Ru sacrifice]
  1300 | D:3      | Reached * piety under Ru
  1418 | D:3      | Noticed Terence
  1425 | D:3      | Killed Terence
  1619 | D:3      | Reached XP level 5. HP: 49/52 MP: 4/4
  1894 | D:4      | Reached skill level 5 in Unarmed Combat
  2076 | D:4      | Noticed a phantom
  2096 | D:4      | Killed a phantom
  2096 | D:4      | Reached XP level 6. HP: 55/59 MP: 5/5
  2110 | D:4      | Noticed an orc warrior
  2129 | D:4      | Killed an orc warrior
  2129 | D:4      | Reached skill level 6 in Unarmed Combat
  2410 | D:5      | Entered Level 5 of the Dungeon
  2421 | D:5      | Reached XP level 7. HP: 60/67 MP: 6/6
  2430 | D:5      | Reached skill level 7 in Unarmed Combat
  2703 | D:5      | Gained mutation: You cannot study or use magical devices.
                  | [Ru sacrifice]
  2703 | D:5      | Reached ** piety under Ru
  2703 | D:5      | Reached *** piety under Ru
  3273 | D:6      | Found a shattered altar of Ashenzari.
  3287 | D:6      | Found a shimmering altar of Xom.
  3636 | D:6      | Found a staircase to the Ecumenical Temple.
  3815 | D:6      | Reached XP level 8. HP: 75/75 MP: 7/7
  3842 | D:7      | Learned a level 3 spell: Regeneration
  3857 | D:7      | Got an ancient falchion
  3868 | D:7      | Reached skill level 8 in Unarmed Combat
  3983 | D:7      | HP: 1/75 [poisoned by a killer bee]
  3983 | D:7      | Slain by a killer bee

Levels and vault maps discovered:
D:1:      dpeg_arrival_simpleton_b, layout_loops_cross,
          minmay_misc_feat_encased, minmay_misc_feat_room, grunt_decor_cap
D:2:      layout_loops_ring
D:3:      layout_rooms, chequers_temple_overflow_statue_of_worship,
          chequers_serial_rivers_room_a, uniq_terence
D:4:      layout_gridville, first_ration
D:5:      layout_cave_pods, minmay_misc_feat_nine_boxes
D:6:      layout_basic, ashenzari_conservatory_becter,
          minmay_temple_entry_junction, xom_teletrap_fun
D:7:      layout_cave_pools, lemuel_coloured_pillars_altar

Skill      XL: |  1  2  3  4  5  6  7  8 |
---------------+-------------------------+-----
Dodging        | 3 4 |  4.2
Unarmed Combat | 4 5 6 7 8 |  8.2
Fighting       | 3 |  3.4
Stealth        | 2 |  2.0
Charms         | |  0.5
Necromancy     | |  0.8

Action                   |  1- 3 |  4- 6 |  7- 9 || total
-------------------------+-------+-------+-------++-------
Melee: Unarmed           |    93 |   153 |    89 ||   335
       Punch             |     1 |     4 |     6 ||    11
Invok: Sacrifice Love    |       |     1 |       ||     1
       Sacrifice Artific |       |       |     1 ||     1
       Draw Out Power    |       |       |     1 ||     1
  Use: Scroll            |       |       |     7 ||     7
       Potion            |       |       |    12 ||    12
 Stab: Sleeping          |     5 |     2 |     2 ||     9
       Distracted        |       |       |     2 ||     2
       Invisible         |       |       |     1 ||     1
  Eat: Chunk             |     6 |    21 |    11 ||    38
Armor: Robe              |    17 |    41 |    19 ||    77
Dodge: Dodged            |    33 |    61 |    55 ||   149
